[Event "44th Chess Olympiad Open 2022"]
[Site "Chennai"]
[Date "2022.07.30"]
[Round "2.15"]
[White "Nikolovski, Nikola"]
[Black "Maurizzi, Marc`Andria"]
[Result "0-1"]
[ECO "C55"]
[WhiteElo "2366"]
[BlackElo "2506"]
[Annotator "TA"]
[PlyCount "70"]
[EventDate "2022.07.29"]
[EventType "team-tourn"]
[EventCountry "IND"]
[SourceTitle "playchess.com"]
[Source "ChessBase"]
[SourceQuality "1"]
[WhiteTeam "Macedonia"]
[BlackTeam "France"]
[WhiteTeamCountry "MKD"]
[BlackTeamCountry "FRA"]
[TimeControl "40/5400+30:1800+30"]

1. e4 e5 2. Nf3 Nc6 3. Bc4 Nf6 4. d3 h6 5. O-O d6 6. a4 g5 {[%emt 0:01:15] C55: Two Knights: 4 d3, 4 d4 exd4 5 e5 and Max Lange Attack.} 7. a5 a6 8. Be3 Bg7 {[%emt 0:09:35] The position is equal.} 9. Nc3 O-O {[%emt 0:04:44] [#]} 10. d4 $146 ({Predecessor:} 10. h3 Be6 11. Nd2 Ne7 12. Bxe6 fxe6 13. Ne2 Ng6 14. Ng3 Nf4 15. Bxf4 exf4 16. Nh5 Nxh5 17. Qxh5 {½-½ (34) Dragun,K (2590)-Mei,A (2304) Redmond 2022}) 10... exd4 11. Nxd4 (11. Bxd4 Re8 $15) 11... Ng4 12. Nxc6 bxc6 13. Bd2 d5 {[%emt 0:12:31] Strongly threatening ...Qd6.} 14. Be2 (14. exd5 Qd6 15. g3 Ne5 $15) 14... Nf6 15. Bd3 (15. f4 $14) 15... Bg4 16. Qc1 Re8 17. Re1 Qd6 18. h3 Bd7 19. Re2 d4 20. Nd1 Nh5 (20... c5 $5 ) 21. b3 g4 22. hxg4 Bxg4 23. f3 Bd7 24. g4 ({White should try} 24. Nb2 $16) 24... Be5 $1 $11 25. gxh5 Kh8 (25... Kh7 $1 $11 {keeps the balance.} 26. Kf1 Bh3+ 27. Ke1 Rg8) 26. Rg2 $1 $16 (26. Bxh6 $2 Rg8+ 27. Bg5 Bf4 $19) 26... Rg8 {[%emt 0:02:37] [#]} 27. Rxg8+ {[%emt 0:00:34][%mdl 8192] White does not recover from this.} ({Wrong is} 27. Bxh6 $2 Bh2+ 28. Kf1 Rxg2 $19) (27. Bb4 $1 $16 Qf6 {[#]} (27... Rxg2+ 28. Kxg2) 28. Be7 $1 Rxg2+ 29. Kxg2 Qxe7 30. Qxh6+ Kg8 31. Nf2 (31. f4 Qh4 $16)) 27... Rxg8+ $19 28. Kf1 Qf6 {[%emt 0:01:01] Black mates.} 29. Ke2 Rg3 30. f4 Bg4+ 31. Ke1 {[%emt 0:00:24] [#]} Qh4 $1 32. Nf2 Rg2 33. Be3 dxe3 34. Qxe3 Bc3+ {[%emt 0:00:55] This bishop pair is nice.} 35. Kf1 Qh2 {[%emt 0:00:19] Weighted Error Value: White=0.46/Black=0.16 (very precise)} 0-1

[Event "44th Chess Olympiad Open 2022"]
[Site "Chennai"]
[Date "2022.07.30"]
[Round "2.17"]
[White "Georgiev, Todor"]
[Black "Bosiocic, Marin"]
[Result "1-0"]
[ECO "E15"]
[WhiteElo "2272"]
[BlackElo "2549"]
[Annotator "TA"]
[PlyCount "103"]
[EventDate "2022.07.29"]
[EventType "team-tourn"]
[EventCountry "IND"]
[SourceTitle "playchess.com"]
[Source "ChessBase"]
[SourceQuality "1"]
[WhiteTeam "Bulgaria"]
[BlackTeam "Croatia"]
[WhiteTeamCountry "BUL"]
[BlackTeamCountry "CRO"]
[TimeControl "40/5400+30:1800+30"]

1. d4 Nf6 2. c4 e6 3. Nf3 b6 4. g3 Ba6 5. Qc2 c5 6. dxc5 bxc5 7. Bg2 Nc6 8. O-O $1 {[%emt 0:08:17] E15: Queen's Indian: 4 g3 sidelines, 4 g3 Ba6 and 4 g3 Bb7 early deviations.} Be7 9. b3 {[%emt 0:07:53] [#]} d5 $146 ({Predecessor:} 9... O-O 10. Bb2 d5 11. cxd5 exd5 12. Nc3 d4 13. Na4 d3 14. exd3 Bxd3 15. Qc3 Bxf1 16. Rxf1 {0-1 (28) Ambartsumova,K (2382)-Navara,D (2697) Chess.com INT 2022}) 10. Bb2 {[%emt 0:17:36] The position is equal.} d4 11. a3 Rc8 12. b4 cxb4 (12... Bb7 $11) 13. Qa4 Qa5 (13... Bxc4 $2 14. Nxd4 Nd5 15. axb4 $18 (15. Nxc6 Qd7 $18)) (13... Nd7 $14) 14. Qxa5 $18 Nxa5 15. axb4 Bxb4 (15... Nxc4 $142 16. Rxa6 Nxb2) 16. Nxd4 $2 (16. Ra4 $18) 16... Bxc4 $2 (16... Rxc4 $2 17. Na3 Rc8 18. Nac2 Bxe2 19. Nxb4 Bxf1 20. Bxf1 $18) (16... Bb7 $16 {was worth a try.}) 17. Ra4 e5 18. Nf5 (18. Rxb4 exd4 19. Rc1 O-O $18) 18... Bxe2 19. Rxb4 {[%emt 0:01:35] Threatens to win with Re1.} Bxf1 20. Kxf1 {[%emt 0:00:42] Nd6+ is the strong threat.} (20. Bxf1 Kd7 21. Bb5+ Nc6 $18) 20... Kd7 {[%emt 0:01:17] Prevents Nd6.} 21. Ra4 (21. Nxg7 Rb8 22. Bh3+ Kc6 23. Bg2+ Kd7 $11) 21... Nc4 22. Rxa7+ (22. Bc3 $18 {And now Bh3 would win.} Rc7 23. Bh3 (23. Nxg7 Rb8 $16)) 22... Rc7 $16 23. Rxc7+ Kxc7 24. Bc3 g6 {[%emt 0:06:46] [#]} (24... Rb8 $16) 25. Nh6 (25. Na3 $1 $18 Nxa3 26. Bxe5+ Kd7 27. Bxf6 (27. Nd4 Rd8 $18)) 25... Rd8 (25... Rf8 $16 {keeps fighting.}) 26. Ke2 $18 ({And not} 26. Nxf7 Rd1+ 27. Ke2 Rxb1 $11) 26... Rd7 27. Nd2 Nd6 (27... Nxd2 $142 28. Bxe5+ (28. Bxd2 Nh5 $16) 28... Kb6) 28. Bh3 ({Much less strong is} 28. Bxe5 Re7 29. Nc4 Nd7 $14) 28... Re7 $2 {[%emt 0:00:24] [#]} (28... Nd5) 29. Ba5+ $1 Kc6 30. Bd8 {[%emt 0:00:14] This bishop pair is nice.} Ra7 31. Bxf6 {[%emt 0:00:07] White is clearly winning.} Nb5 32. Nf3 Nc3+ 33. Kd3 e4+ 34. Kxc3 exf3 35. Bg4 Kd5 36. Kd3 Ra3+ 37. Bc3 f5 38. Bxf3+ Ke6 39. h4 Ra2 40. Ke3 Ra3 41. Kd4 Ra4+ 42. Kc5 Ra3 43. Bd5+ Kd7 44. Kb4 Ra6 45. Nf7 Ke7 46. Ne5 {[%emt 0:00:00] aiming for Kb5.} Rb6+ 47. Kc4 {[%emt 0:00:00] Strongly threatening Bg8.} Rb1 48. Bg8 Rf1 49. Bd4 Rc1+ 50. Kd3 Rd1+ 51. Ke3 Re1+ 52. Kd2 {[%emt 0:00:00] Weighted Error Value: White=0.17 (very precise) /Black=0.42} 1-0

[Event "44th Chess Olympiad Open 2022"]
[Site "Chennai"]
[Date "2022.07.30"]
[Round "2.18"]
[White "Golubovskis, Maksims"]
[Black "Hracek, Zbynek"]
[Result "0-1"]
[ECO "B90"]
[WhiteElo "2219"]
[BlackElo "2555"]
[Annotator "TA"]
[PlyCount "64"]
[EventDate "2022.07.29"]
[EventType "team-tourn"]
[EventCountry "IND"]
[SourceTitle "playchess.com"]
[Source "ChessBase"]
[SourceQuality "1"]
[WhiteTeam "Latvia"]
[BlackTeam "Czech Republic"]
[WhiteTeamCountry "LAT"]
[BlackTeamCountry "CZE"]
[TimeControl "40/5400+30:1800+30"]

1. e4 c5 2. Nf3 d6 3. d4 cxd4 4. Nxd4 Nf6 5. Nc3 a6 6. h3 e5 7. Nde2 h5 {[%emt 0:00:08] Inhibits g4. B90: Sicilian Najdorf: Unusual White 6th moves, 6 Be3 Ng4 and 6 Be3 e5.} 8. g3 Be7 9. Bg2 b5 {[%emt 0:00:23][%cal Bb7b5,Bb5b4][%mdl 32] White has an edge.} 10. a4 (10. Nd5 $14) 10... b4 $11 11. Nd5 Nxd5 12. Qxd5 Ra7 13. Be3 Rb7 14. O-O Nd7 15. f4 O-O 16. Qd2 {[%emt 0:11:05] [#]} a5 $146 ({Predecessor:} 16... Nf6 17. c4 bxc3 18. Nxc3 Be6 19. f5 Bc4 20. Rf2 Qb8 21. Bf3 Rd8 22. Nd5 Bxd5 23. exd5 {0-1 (36) Karacsonyi,G (2359)-Pasztor,B (2302) Budapest 2021}) 17. f5 Nf6 18. b3 ({White should play} 18. c4 $15) 18... Rd7 $17 19. Qd3 $2 {[%emt 0:09:55] [#] White does not recover from this.} (19. c4 $17 {was the only defense.}) 19... Bb7 (19... d5 $142 20. Kh1 dxe4) 20. Bg5 (20. c4 {keeps fighting.}) 20... d5 $19 21. exd5 Bxd5 (21... Nxd5 $2 22. Bxe7 Qxe7 23. Rae1) 22. Bxd5 Nxd5 ({Stronger than} 22... Rxd5 23. Qf3 $17) 23. Bxe7 Qxe7 ({Not} 23... Nxe7 $2 24. Qf3 $19) ({Worse is} 23... Rxe7 24. c4 Qb6+ 25. Kh1 $17) 24. Kh1 Rc8 25. Rac1 Nf6 26. Qe3 Rcd8 27. Rfe1 Rd2 28. Ng1 Qb7+ 29. Qf3 e4 30. Qe3 Qc8 31. c3 {[%emt 0:01:13] [#]} (31. Re2 R2d5 32. Rf1) 31... R8d3 32. cxb4 Qxc1 {[%emt 0:00:11] Weighted Error Value: White=0.59/Black=0.11 (very precise)} 0-1

[Event "44th Chess Olympiad Open 2022"]
[Site "Chennai"]
[Date "2022.07.30"]
[Round "2.20"]
[White "Bastidas Rodriguez, Emilio"]
[Black "Gavrilescu, David"]
[Result "1/2-1/2"]
[ECO "A13"]
[WhiteElo "2351"]
[BlackElo "2525"]
[Annotator "TA"]
[PlyCount "63"]
[EventDate "2022.07.29"]
[EventType "team-tourn"]
[EventCountry "IND"]
[SourceTitle "playchess.com"]
[Source "ChessBase"]
[SourceQuality "1"]
[WhiteTeam "Ecuador"]
[BlackTeam "Romania"]
[WhiteTeamCountry "ECU"]
[BlackTeamCountry "ROU"]
[TimeControl "40/5400+30:1800+30"]

1. c4 e6 2. g3 d5 3. Bg2 d4 4. Nf3 c5 5. b4 cxb4 6. a3 {[%emt 0:00:19] A13: English Opening: 1...e6.} bxa3 7. O-O Nf6 8. d3 {[%emt 0:00:57] White has an edge.} Nc6 9. Qa4 Nd7 {[%emt 0:08:13] Against Ne5} 10. Bxa3 Bxa3 {[%emt 0:01:49] [#]} 11. Qxa3 $146 ({Predecessor:} 11. Nxa3 O-O 12. Nb5 e5 13. Qa3 a5 14. Rfb1 Ra6 15. Qd6 Nb4 16. Qc7 Qf6 17. Nd2 {0-1 (47) Larrea,M (2284)-Roselli Mailhe,B (2420) Montevideo 2011}) 11... Qe7 12. Nbd2 {[%emt 0:00:30][%mdl 1024] White has compensation.} Nc5 13. Rfb1 Rb8 14. Rb5 ({White should try} 14. e3 $16 dxe3 15. fxe3) 14... b6 $11 {[%emt 0:01:37] [#]} 15. Ng5 $1 Bd7 16. Nde4 (16. f4 $11) 16... Nxe4 (16... Nb7 {is interesting.} 17. f4 Qxa3 18. Rxa3 Ke7) 17. Bxe4 Qxa3 (17... Rb7 {keeps more tension.} 18. Bg2 Qxa3 19. Rxa3 Ke7) 18. Rxa3 h6 19. Nf3 Ne7 {[%emt 0:00:00][%cal Bc6e7,Be7c8,Bc8d6,Bd6f5,Bf5d4][%mdl 32] [#] Hoping for ...f5.} 20. Rxa7 {[%emt 0:00:27] Rb2 is the strong threat.} Nc8 21. Ra6 {[%emt 0:08:06] aiming for Rb4.} Bxb5 22. cxb5 Nd6 23. Nxd4 O-O 24. Bc6 Rfd8 25. Nf3 Nf5 26. Ne5 Nd4 27. e3 f6 28. Nd7 Nxc6 29. bxc6 {[%emt 0:00:15] And now c7 would win.} Rbc8 30. Rxb6 Rc7 (30... Kf7 $5 ) 31. d4 Rdc8 32. Nb8 {[%emt 0:04:54] Weighted Error Value: White=0.14 (very precise) /Black=0.10 (very precise)} 1/2-1/2

[Event "44th Chess Olympiad Open 2022"]
[Site "Chennai"]
[Date "2022.07.30"]
[Round "2.22"]
[White "Zhakshylykov, Erzhan"]
[Black "Ivanisevic, Ivan"]
[Result "0-1"]
[ECO "E90"]
[WhiteElo "2332"]
[BlackElo "2561"]
[Annotator "TA"]
[PlyCount "102"]
[EventDate "2022.07.29"]
[EventType "team-tourn"]
[EventCountry "IND"]
[SourceTitle "playchess.com"]
[Source "ChessBase"]
[SourceQuality "1"]
[WhiteTeam "Kyrgyzstan"]
[BlackTeam "Serbia"]
[WhiteTeamCountry "KGZ"]
[BlackTeamCountry "SRB"]
[TimeControl "40/5400+30:1800+30"]

1. d4 Nf6 2. c4 c5 3. d5 g6 4. Nc3 Bg7 5. e4 d6 6. h3 O-O 7. Nf3 e6 8. Bd3 Na6 9. O-O Nc7 {[%emt 0:01:03] 9...e5 injects fresh life into this line.} 10. dxe6 {[%emt 0:07:26] E90: King's Indian: Classical: Early deviations and 6 h3.} Nxe6 11. Be3 a6 $5 {[%emt 0:16:48][%mdl 4] Exploring less charted territory.} 12. Qd2 {[%emt 0:07:07] [#] White is slightly better.} b5 $146 ({Predecessor:} 12... Re8 13. Nd5 Bd7 14. Rad1 b5 15. Qc2 Bc6 16. Rfe1 Qb8 17. b3 Qb7 18. Bf1 Rad8 {½-½ (46) Kantor,G (2255)-Farago,S (2269) Budapest 2011}) 13. cxb5 axb5 14. Nxb5 d5 15. exd5 Nxd5 16. Bh6 Bxh6 17. Qxh6 Ndf4 $1 18. Be4 Rb8 19. Rad1 Qf6 20. Nc3 Rxb2 21. Nd5 Nxd5 22. Bxd5 Qf4 23. Qxf4 Nxf4 24. Bc4 {[%emt 0:11:40] Against Ba6} Be6 (24... Bb7 $15 25. Kh2 Bxf3 26. gxf3 Rb4) 25. Bxe6 $11 Nxe6 26. Rd2 Rxd2 27. Nxd2 {[%emt 0:00:03][%mdl 4096] Endgame KRN-KRN} Ra8 28. Rc1 Rxa2 29. Nb3 Nd4 (29... Nf4 $1 $15 30. Rxc5 Nd3 31. Rc8+ Kg7) 30. Nxd4 cxd4 {[%emt 0:00:05] KR-KR} 31. Rc8+ Kg7 32. Rd8 Ra1+ 33. Kh2 Rd1 34. Kg3 Kf6 35. Kf4 Rd2 36. f3 (36. Kf3 $15) 36... g5+ ({Worse is} 36... Rxg2 37. Rd6+ Kg7 38. Rxd4 $17) 37. Kg3 Ke5 {[%emt 0:02:23] Inhibits f4+. Hoping for ...d3.} 38. Rh8 $2 {[%emt 0:00:31][%mdl 8192] [#] White does not recover from this.} (38. Re8+ $17 Kd5 39. Rf8) 38... d3 $1 $19 39. f4+ (39. Rxh7 $142 Rxg2+ 40. Kxg2) 39... gxf4+ 40. Kf3 Rd1 {[%emt 0:00:16] Threatens to win with ...Rf1+.} 41. Kf2 {[%emt 0:31:10] Prevents Rf1+.} Kd4 42. Rxh7 Rh1 {[%emt 0:04:36] Black mates.} 43. Rxf7 d2 44. Rd7+ Kc3 45. Kf3 d1=Q+ 46. Rxd1 Rxd1 47. Kxf4 {[%emt 0:00:02] KR-KPP} Kd4 48. h4 Kd5 49. Kg5 Ke6 50. g4 Kf7 51. Kh6 Rd4 {[%emt 0:01:02] Weighted Error Value: White=0.65/Black=0.06 (flawless)} 0-1

[Event "44th Chess Olympiad Open 2022"]
[Site "Chennai"]
[Date "2022.07.30"]
[Round "2.28"]
[White "Diamant, Andre"]
[Black "Camacho Campusano, David Daniel"]
[Result "1/2-1/2"]
[ECO "A33"]
[WhiteElo "2538"]
[BlackElo "2221"]
[Annotator "TA"]
[PlyCount "77"]
[EventDate "2022.07.29"]
[EventType "team-tourn"]
[EventCountry "IND"]
[SourceTitle "playchess.com"]
[Source "ChessBase"]
[SourceQuality "1"]
[WhiteTeam "Brazil"]
[BlackTeam "Dominican Republic"]
[WhiteTeamCountry "BRA"]
[BlackTeamCountry "DOM"]
[TimeControl "40/5400+30:1800+30"]

1. c4 Nf6 2. Nc3 c5 3. Nf3 Nc6 4. d4 cxd4 5. Nxd4 e6 6. a3 d5 7. cxd5 {[%emt 0:00:58] A33: Symmetrical English: 2 Nf3 Nf6 3 d4 cxd4 4 Nxd4 e6 5 Nc3 Nc6.} Nxd4 (7... exd5 {is more complex.} 8. Bg5 Bc5 9. e3 O-O) 8. Qxd4 {[%emt 0:00:13] Threatens to win with e4.} (8. Qa4+ {is interesting.} b5 9. Qxd4 Nxd5 10. Bd2) 8... Nxd5 9. Nxd5 {[%emt 0:03:58] White has an edge.} Qxd5 10. Qxd5 exd5 11. Be3 Bd6 {[%emt 0:06:59] [#]} 12. g3 $146 ({Predecessor:} 12. Bd4 f6 13. g3 Be6 14. Bg2 Ke7 15. Kd2 b6 16. Rhc1 Rac8 17. Rxc8 Rxc8 18. Rc1 Rxc1 19. Kxc1 {½-½ (25) Adams,M (2696)-Anand,V (2756) Dortmund 2022}) 12... Be5 13. O-O-O Bf5 {[%emt 0:03:28] [#] aiming for ...Rc8+.} 14. Rxd5 Rc8+ 15. Kd2 f6 {[%emt 0:03:52] And now ...Be4 would win.} 16. Bg2 {[%emt 0:03:20] Inhibits Be4. Strongly threatening f4.} Rc2+ 17. Kd1 {[%emt 0:00:43] [#] f4 is the strong threat.} Rxb2 18. f4 Rb1+ 19. Kd2 Rb2+ 20. Kd1 Rb1+ 21. Bc1 Bb2 22. Kd2 Be6 23. Rc5 O-O 24. Rc7 Rd8+ ({Black should play} 24... Bd4 $15 25. Re7 Bf7) 25. Kc2 $11 {[%emt 0:00:47] The position is equal.} Rxc1+ (25... Bf5+ {keeps more tension.} 26. e4 Rxc1+ 27. Rxc1 Bxc1 28. Kxc1 Rc8) 26. Rxc1 Bxc1 27. Kxc1 Rc8 28. Rxc8+ Bxc8 {[%emt 0:00:02][%mdl 4096] Endgame KB-KB} 29. Kc2 Kf7 30. Kc3 Ke7 31. Kd4 Kd6 32. e4 b6 33. e5+ fxe5+ 34. fxe5+ Ke7 35. Bf1 h6 36. Bb5 Be6 37. Ba6 Bh3 38. Bb5 Be6 39. Ba6 {[%emt 0:00:24] Weighted Error Value: White=0.04 (flawless) /Black=0.04 (flawless)} 1/2-1/2

[Event "44th Chess Olympiad Open 2022"]
[Site "Chennai"]
[Date "2022.07.30"]
[Round "2.29"]
[White "Tissir, Mohamed"]
[Black "Cheng, Bobby"]
[Result "0-1"]
[ECO "B93"]
[WhiteElo "2366"]
[BlackElo "2540"]
[Annotator "TA"]
[PlyCount "62"]
[EventDate "2022.07.29"]
[EventType "team-tourn"]
[EventCountry "IND"]
[SourceTitle "playchess.com"]
[Source "ChessBase"]
[SourceQuality "1"]
[WhiteTeam "Morocco"]
[BlackTeam "Australia"]
[WhiteTeamCountry "MAR"]
[BlackTeamCountry "AUS"]
[TimeControl "40/5400+30:1800+30"]

1. e4 c5 2. Nf3 d6 3. d4 cxd4 4. Nxd4 Nf6 5. Nc3 a6 6. f4 e5 7. Nf3 Nbd7 8. a4 Qc7 9. Bd3 Be7 10. O-O O-O 11. Kh1 Nc5 {[%emt 0:00:00] B93: Sicilian Najdorf: 6 f4.} 12. Qe1 Re8 13. fxe5 dxe5 {[%emt 0:00:14] The position is equal.} 14. Qg3 Be6 15. Ng5 (15. Nxe5 $2 Nh5 16. Qf3 Qxe5 $19) 15... Nxd3 16. Nxe6 fxe6 17. cxd3 Rf8 {[%emt 0:02:34][%cal Of6e4] [#] White must now prevent ...Nxe4!} 18. Bg5 $146 ({Predecessor:} 18. Be3 Bc5 19. Bg5 Nd7 20. Bh6 Rxf1+ 21. Rxf1 Nf8 22. Ne2 Ng6 23. Rc1 Qb6 24. Bg5 Qxb2 {½-½ (70) Van Leeuwen,E (2484)-Zhak,B (2651) ICCF email 2012}) 18... Nh5 19. Qg4 Bxg5 20. Qxg5 {[%emt 0:05:32] White does not recover from this.} (20. Qxh5 $15 h6 21. Qe2) 20... Nf4 $19 21. Qg4 Qb6 (21... Nxd3 22. Qxe6+ Kh8 23. h3 $11 (23. Nd5 Qc2 $17)) 22. a5 $2 (22. g3 Nxd3 23. Qe2 Nxb2 24. Kg2 Rxf1 25. Rxf1) 22... Qxb2 23. Na4 Qd4 24. Nb6 Rae8 25. h3 Rf6 {[%emt 0:09:16] Hoping for ...Rg6.} ({Not} 25... Nxd3 $2 26. Kh2) 26. Ra2 $2 {[%emt 0:00:58] [#]} (26. Rad1) 26... Qxd3 $2 (26... Nxh3 $1 27. Qd1 Nf4) 27. Raf2 Qxe4 28. Nd7 Rf5 ({Don't blunder} 28... Rg6 $2 29. Qf3 Qxf3 30. Rxf3 $19) 29. Nxe5 $2 (29. Qd1) 29... h5 {[%emt 0:03:00] Black is clearly winning.} ({Don't go for} 29... Qxe5 $2 30. Rxf4 Qxa5 31. Rxf5 exf5 32. Qc4+ Kh8 33. Qf7 $19) 30. Qg3 Qxe5 31. Rxf4 g5 {[%emt 0:00:37] Weighted Error Value: White=0.88/Black=0.39} 0-1

[Event "44th Chess Olympiad Open 2022"]
[Site "Chennai"]
[Date "2022.07.30"]
[Round "2.29"]
[White "Zrikem, Nassim"]
[Black "Zhao, Zong-Yuan"]
[Result "0-1"]
[ECO "D05"]
[WhiteElo "2075"]
[BlackElo "2513"]
[Annotator "TA"]
[PlyCount "46"]
[EventDate "2022.07.29"]
[EventType "team-tourn"]
[EventCountry "IND"]
[SourceTitle "playchess.com"]
[Source "ChessBase"]
[SourceQuality "1"]
[WhiteTeam "Morocco"]
[BlackTeam "Australia"]
[WhiteTeamCountry "MAR"]
[BlackTeamCountry "AUS"]
[TimeControl "40/5400+30:1800+30"]

1. d4 Nf6 2. Nf3 e6 3. e3 c5 4. Bd3 d5 5. c3 Nc6 6. Nbd2 Bd6 7. O-O O-O 8. dxc5 Bxc5 9. e4 Qc7 10. Qe2 b6 {[%emt 0:06:07] D05: Colle System with ...e6.} 11. b4 Bd6 {[%emt 0:01:31] Hoping for ...Ne5.} 12. Bb2 Ne5 {[%emt 0:16:16] The position is equal.} 13. Nxe5 Bxe5 14. Nf3 dxe4 {[%emt 0:04:26] [#]} 15. Nxe5 $146 (15. Bxe4 $11 {keeps the balance.} Nxe4 16. Qxe4) ({Predecessor:} 15. Bxe4 Nxe4 16. Qxe4 Bf6 17. Qxa8 Bb7 18. Qxa7 Ra8 19. Qxa8+ Bxa8 20. a4 g5 21. a5 bxa5 22. Rxa5 Bxf3 23. gxf3 {½-½ (84) Kratochvil,V (2245)-Munaev,Z (2257) GER email 2018}) 15... exd3 $17 ({Much weaker is} 15... Qxe5 $6 16. f3 $11 (16. c4 Qf4 $11)) 16. Nxd3 Ba6 {[%emt 0:01:44] aiming for ...Rad8.} 17. Rfd1 Rad8 {[%emt 0:11:27] [#] Strongly threatening ...Qc4.} 18. a4 Bc4 {[%emt 0:12:36] White must now prevent ...Qd7. Black is more active.} 19. Qe5 Qd7 20. Qg3 e5 $19 {[%emt 0:08:47] Threatens to win with ...e4.} ({Not} 20... Bxd3 21. c4 e5 22. Ra3 $17) 21. Ne1 $2 (21. h3 Bxd3 22. c4) 21... Qxd1 {[%emt 0:01:07] Black is clearly winning.} 22. Rxd1 Rxd1 {[%emt 0:00:06][%cal Rd1e1] [#]} 23. Qe3 Ng4 {[%emt 0:02:28] Black took control after the opening.  Weighted Error Value: White=0.98/Black=0.01 (flawless)} 0-1

[Event "44th Chess Olympiad Open 2022"]
[Site "Chennai"]
[Date "2022.07.30"]
[Round "2.30"]
[White "Chaves Sanchez, Gabriel A"]
[Black "Tristan, Leonardo"]
[Result "0-1"]
[ECO "C83"]
[WhiteElo "2125"]
[BlackElo "2558"]
[Annotator "TA"]
[PlyCount "78"]
[EventDate "2022.07.29"]
[EventType "team-tourn"]
[EventCountry "IND"]
[SourceTitle "playchess.com"]
[Source "ChessBase"]
[SourceQuality "1"]
[WhiteTeam "Costa Rica"]
[BlackTeam "Argentina"]
[WhiteTeamCountry "CRI"]
[BlackTeamCountry "ARG"]
[TimeControl "40/5400+30:1800+30"]

1. e4 e5 2. Nf3 Nc6 3. Bb5 a6 4. Ba4 Nf6 5. O-O Nxe4 6. d4 Be7 7. Re1 b5 8. Bb3 d5 9. dxe5 Be6 10. c3 O-O 11. Nbd2 {[%emt 0:11:53] 11.Nd4 is vanishing.} Nc5 12. Bc2 d4 {[%emt 0:00:10] C83: Open Ruy Lopez: 9 c3 Be7.} 13. Ne4 dxc3 {[%emt 0:12:31] [#] And now ...Qxd1 would win.} 14. Nxc3 Nb4 {[%emt 0:14:23] Black is slightly better.} 15. Bb1 Qxd1 16. Rxd1 {[%emt 0:00:48] [#]} Rfd8 $146 ({Predecessor:} 16... Nc6 17. Be3 Rad8 18. Rc1 Nb4 19. Bxc5 Bxc5 20. a3 Nc6 21. Bxh7+ Kxh7 22. Ne4 Nd4 23. Nxc5 {0-1 (42) Lagarde,M (2615)-Matlakov,M (2683) Bastia 2018}) 17. Nd4 {[%emt 0:02:12] [#]} Ncd3 $1 18. Nxe6 ({Don't play} 18. Bxd3 Rxd4 19. Be2 (19. Bxh7+ $2 Kxh7 20. Rxd4 Nc2 $19) 19... Rxd1+ 20. Bxd1 Nd3 $17) 18... fxe6 19. a3 Nxc1 20. Rxc1 Bg5 $36 {[%emt 0:03:09][%cal Be7g5,Bg5f4,Bf4e5,Be5b2][%mdl 2080] White is under pressure.} 21. Rf1 Nd3 22. Bxd3 Rxd3 23. Ne4 (23. Rfd1 $11 Rxd1+ 24. Rxd1) 23... Bf4 $1 $15 24. Nc5 Rd5 25. Nxe6 Bxe5 26. Rac1 (26. Rae1 $15) 26... Bxb2 $17 27. Rxc7 (27. Rc2 $17 {only move.} Bxa3 28. Rxc7) 27... Rd6 $19 28. Ng5 Bxa3 29. f4 (29. Ne4 $142 Rd5 30. g3) 29... h6 30. Nf3 Rad8 (30... Rd5 $142 31. Rb1 Bd6) 31. Ne5 (31. Ra1 $142 Rd1+ 32. Rxd1 Rxd1+ 33. Kf2) 31... Bb2 32. Nc6 R6d7 33. Nxd8 Rxc7 {[%emt 0:00:04][%mdl 4096] Endgame KRB-KRN} ({Don't go for} 33... Bd4+ $2 34. Kh1 Rxc7 35. Ne6 $19) 34. Kf2 (34. Re1 $142 Rc8 35. Nb7) 34... Bf6 35. Ne6 Rc6 {[%emt 0:00:06] Black is clearly winning.} 36. Re1 (36. f5 $142 b4 37. Rb1) 36... b4 {[%emt 0:00:40][%cal Bb5b4,Bb4b3,Bb3b2][%mdl 32] Threatens to win with ...b3.} 37. f5 b3 38. Nf4 b2 {[%emt 0:00:50] ...Rc1 is the strong threat.} 39. Ng6 {[%emt 0:00:12] Threatening mate with Re8+.} Rc8 {[%emt 0:00:35] Inhibits Re8+.  Weighted Error Value: White=0.73/Black=0.27 (precise)} (39... Rc1 $2 {is a self mate.} 40. Re8+ Kh7 41. Rh8#) 0-1